 Dungeon Crawl Stone Soup version 0.28-a0-1143-gcf6077d4cc (webtiles) character file.

Game seed: 3232492799021687989

5681 funkygono the Thaumaturge (level 10, -12/52 HPs)
             Began as a Gargoyle Fire Elementalist on Dec 13, 2021.
             Was a Believer of Vehumet.
             Shot with an arrow by a centaur warrior (20 damage)
             ... on level 9 of the Dungeon.
             The game lasted 00:24:57 (11202 turns).

funkygono the Thaumaturge (GrFE)                   Turns: 11202, Time: 00:24:58

Health: -12/52     AC: 19    Str: 12    XL:     10   Next: 75%
Magic:  21/32      EV: 26    Int: 20    God:    Vehumet [**....]
Gold:   417        SH:  0    Dex: 10    Spells: 13/28 levels left

rFire   . . .      SeeInvis .   A - +2 mace (protect)
rCold   . . .      Faith    .   (no shield)
rNeg    + . .      Spirit   .   y - +0 acid dragon scales
rPois   ∞          Reflect  .   E - +0 hat
rElec   +          Harm     .   l - +1 cloak
rCorr   +          Rampage  .   i - +1 pair of gloves
Will    .....                   u - +1 pair of boots
Stlth   +.........              b - amulet of the acrobat
HPRegen 0.17/turn               r - ring of magical power
MPRegen 0.23/turn               x - ring of flight

@: about to teleport, acrobatic, flying
A: sickness immunity, AC +7, negative energy resistance 1, electricity
resistance, torment resistance 1, petrification resistance
a: Renounce Religion


You were on level 9 of the Dungeon.
You worshipped Vehumet.
Vehumet was pleased with you.
You visited 2 branches of the dungeon, and saw 10 of its levels.

You collected 417 gold pieces.

Inventory:

Hand Weapons
 d - a +0 club
 e - a +0 whip of flaming
 p - the +6 falchion of Axkifuisew {venom, rC+ Dex+3}
   (You found it on level 4 of the Dungeon)

   It poisons the flesh of those it strikes.
   Dex:       It affects your dexterity (+3).
   rC:        It protects you from cold.
 s - a +0 whip of venom
 A - a +2 mace of protection (weapon)
 C - a +4 mace
Missiles
 f - 188 stones
 j - 2 throwing nets
Armour
 a - a +0 robe
 i - a +1 pair of gloves (worn)
 l - a +1 cloak (worn)
 u - a +1 pair of boots (worn)
 y - +0 acid dragon scales (worn)
 E - a +0 hat (worn)
Magical Staves
 D - a staff of earth
Jewellery
 b - an amulet of the acrobat (around neck)
 r - a ring of magical power (left hand)
 x - a ring of flight (right hand)
 z - an amulet of guardian spirit
Wands
 t - a wand of iceblast (7)
Scrolls
 g - 2 scrolls of teleportation
 k - 2 scrolls of vulnerability
 B - 2 scrolls of fog
Potions
 c - a potion of haste
 h - 2 potions of heal wounds
 m - 2 potions of curing
 n - 3 potions of might
 o - a potion of brilliance
 q - a potion of ambrosia
 v - 2 potions of mutation
 w - a potion of lignification
 F - a potion of invisibility {unknown}


   Skills:
 + Level 1.1 Fighting
 + Level 0.2 Maces & Flails
 + Level 2.8 Dodging
 - Level 2.1 Stealth
 * Level 9.5 Spellcasting
 * Level 8.4 Conjurations
 * Level 9.4 Fire Magic


You had 13 spell levels left.
You knew the following spells:

 Your Spells              Type           Power      Damage    Failure   Level
a - Foxfire               Conj/Fire      100%       2x1d9     1%          1
b - Scorch                Fire           94%        2d9       1%          2
c - Conjure Flame         Conj/Fire      45%        6-21      1%          3
d - Sticky Flame          Conj/Fire      45%        2d6       2%          4
e - Flame Wave            Conj/Fire      45%        2d8       2%          4
f - Shock                 Conj/Air       100%       1d9       1%          1

Your spell library contained the following spells:

 Spells                   Type           Power      Damage    Failure   Level
 Freeze                   Ice            36%        1d6       11%         1
 Static Discharge         Conj/Air       26%        N/A       3%          2
 Inner Flame              Hex/Fire       28%        N/A       4%          3
 Blink                    Tloc           18%        N/A       17%         2
 Ensorcelled Hibernation  Hex/Ice        18%        N/A       17%         2
 Gell's Gravitas          Tloc           9%         N/A       32%         3
 Lesser Beckoning         Tloc           9%         N/A       32%         3
 Ozocubu's Armour         Ice            9%         N/A       32%         3
 Spider Form              Tmut/Pois      9%         N/A       32%         3
 Teleport Other           Tloc           9%         N/A       32%         3
 Dispel Undead            Necr           9%         3d8       73%         4
 Manifold Assault         Tloc           9%         N/A       97%         5
 Metabolic Englaciation   Hex/Ice        4%         N/A       97%         5
 Dispersal                Tloc           4%         N/A       100%        6
 Simulacrum               Ice/Necr       4%         N/A       100%        6


Dungeon Overview and Level Annotations

Branches:
Dungeon (9/15)             Temple (1/1) D:5            Lair (0/6) D:9
    Orc: D:9-12

Altars:
Ashenzari
Cheibriados
Dithmenos
Elyvilon
Fedhas
Gozag
Hepliaklqana
Kikubaaqudgha
Makhleb
Okawaru
Qazlal
Ru
Uskayaw
Vehumet
Wu Jian
Xom
Zin
The Shining One
Lugonu

Shops:
D:8 =

Annotations:
D:3 2 runed translucent doors, MisterT's ghost, amateur HODe
D:9 1 runed translucent door, Athor's ghost, journeyman VSFi


Innate Abilities, Weirdness & Mutations

You are immune to sickness and miasma.
Your stone body is resilient. (AC +7)
You are immune to poison.
You resist negative energy. (rN+)
You are resistant to electric shocks. (rElec)
You are resistant to unholy torment.
You are immune to petrification.


Message History

Confirm with . or Enter, or press ? or * to list all spells.
You conjure some foxfire!
Casting: Foxfire (safe; 1% risk of failure)
Confirm with . or Enter, or press ? or * to list all spells.
You conjure some foxfire!
The foxfire hits the death knight but does no damage.
The death knight is lightly wounded.
Unknown command.
Casting: Foxfire (safe; 1% risk of failure)
Confirm with . or Enter, or press ? or * to list all spells.
You conjure some foxfire!
The foxfire hits the death knight.
The death knight is lightly wounded.
The death knight is engulfed in blazing flames.
The death knight offers itself to Yredelemnul, and fills with unholy energy.
Casting: Foxfire (safe; 1% risk of failure)
Confirm with . or Enter, or press ? or * to list all spells.
You conjure some foxfire!
The foxfire hits the death knight.
The death knight is moderately wounded.
The death knight reflects your damage back at you!
The centaur warrior shoots an arrow.
The arrow hits you.
The foxfire hits the death knight but does no damage.
The death knight is moderately wounded.
The centaur warrior shoots an arrow.
The arrow hits you!
The death knight is engulfed in blazing flames.
The foxfire hits the death knight but does no damage.
The death knight is moderately wounded.
The death knight reflects your damage back at you!
As you read the scroll of teleportation, it crumbles to dust.
You feel strangely unstable.
The foxfire hits the death knight.
The death knight is moderately wounded.
The death knight reflects your damage back at you!
The foxfire hits the death knight.
The death knight is heavily wounded.
The death knight reflects your damage back at you!
* * * LOW HITPOINT WARNING * * *
The centaur warrior shoots an arrow.
The arrow hits you.
* * * LOW HITPOINT WARNING * * *
The centaur warrior shoots an arrow.
The arrow completely misses you.
The centaur warrior shoots an arrow.
The arrow hits you!!
You die...

...# #.#..........#
#### #....).....c.#
###..........#
#########.##
#######.#######
#..........##..
#..........##.#####
#........§.##.#P8P# .
#......@.§.##h#W}.# ...
#........(.p§c##+##....
#...........#..........
#...........#.......!..
#..........##..........
################>##'###
## #


You could see a death knight (reflects damage) and 2 centaur warriors.

Vanquished Creatures
  A hydra (D:8)
  A komodo dragon (D:7)
  Psyche (D:8)
  Prince Ribbit (D:8)
  4 yaks (D:8)
  An acid dragon (D:8)
  A water moccasin (D:8)
  2 ice beasts (D:7)
  2 orc warriors (D:7)
  A sky beast (D:5)
  A black bear (D:6)
  A necrophage (D:4)
  An ogre (D:4)
  4 centaurs
  2 phantoms (D:5)
  2 kobold brigands
  3 bullfrogs
  2 wyvern zombies
  2 scorpions
  2 water moccasin skeletons
  5 killer bees
  13 wights
  2 howler monkeys
  6 electric eels (D:6)
  A bullfrog zombie (D:6)
  2 centaur zombies
  2 centaur skeletons
  A hound (D:7)
  2 orc priests
  A bullfrog skeleton (D:5)
  Jessica (D:3)
  5 iguanas
  4 orc wizards
  A hound skeleton (D:5)
  10 adders
  4 gnolls (D:4)
  A shadow imp (D:6)
  A white imp (D:6)
  3 worms
  4 dart slugs
  12 orcs
  7 bats
  8 endoplasms
  6 giant cockroaches
  10 goblins
  8 hobgoblins
  2 jackals (D:2)
  2 quokkas
  9 ball pythons
  2 frilled lizards (D:1)
  21 kobolds
  9 rats
200 creatures vanquished.

Vanquished Creatures (collateral kills)
  7 foxfires
7 creatures vanquished.

Vanquished Creatures (others)
  A killer bee (D:9)
  831 foxfires
  6 plants (D:6)
838 creatures vanquished.

Grand Total: 1045 creatures vanquished

Notes
Turn   | Place    | Note
-------+----------+-------------------------------------------
     0 | D:1      | funkygono the Gargoyle Fire Elementalist began the quest
                  | for the Orb.
     0 | D:1      | Reached XP level 1. HP: 10/10 MP: 3/3
   319 | D:1      | Reached XP level 2. HP: 15/15 MP: 0/5
   334 | D:1      | Learned a level 2 spell: Scorch
   730 | D:1      | Reached XP level 3. HP: 19/19 MP: 0/6
  1423 | D:2      | Found an iron altar of Okawaru.
  1855 | D:2      | Reached XP level 4. HP: 24/24 MP: 3/8
  2744 | D:2      | Learned a level 3 spell: Conjure Flame
  2763 | D:3      | Found a runed translucent door.
  2942 | D:3      | Noticed Jessica
  2945 | D:3      | Killed Jessica
  2946 | D:3      | Reached XP level 5. HP: 21/28 MP: 5/10
  3054 | D:3      | Found a faded altar of an unknown god.
  3384 | D:3      | Found a runed translucent door.
  3432 | D:3      | Noticed a +0 dagger
  3432 | D:3      | Noticed a +0 falchion
  3432 | D:3      | Noticed a +0 dagger
  3432 | D:3      | Noticed a +0 short sword
  3434 | D:3      | Noticed a +0 falchion
  3434 | D:3      | Noticed a +0 spear
  3436 | D:3      | Noticed a +0 short sword
  3436 | D:3      | Noticed a +0 spear
  3440 | D:3      | Found a hide-covered altar of Uskayaw.
  3467 | D:3      | Noticed MisterT's ghost (amateur HODe)
  3502 | D:3      | Found an ornate altar of the Wu Jian Council.
  3677 | D:3      | Learned a level 4 spell: Sticky Flame
  4054 | D:4      | Noticed an ogre
  4063 | D:4      | Killed an ogre
  4064 | D:4      | Reached XP level 6. HP: 33/33 MP: 6/11
  4282 | D:4      | Identified the +6 falchion of Axkifuisew {venom, rC+ Dex+3}
  4711 | D:4      | Noticed a necrophage
  4717 | D:4      | Killed a necrophage
  4718 | D:4      | Reached skill level 5 in Fire Magic
  4718 | D:4      | Reached XP level 7. HP: 37/37 MP: 13/13
  5126 | D:4      | Learned a level 4 spell: Flame Wave
  5157 | D:5      | Entered Level 5 of the Dungeon
  5246 | D:5      | Reached skill level 5 in Spellcasting
  5665 | D:5      | Reached XP level 8. HP: 42/42 MP: 13/16
  6004 | D:5      | Reached skill level 5 in Conjurations
  6080 | D:5      | Found a staircase to the Ecumenical Temple.
  6486 | Temple   | Entered the Ecumenical Temple
  6506 | Temple   | Became a worshipper of Vehumet
  6843 | D:6      | Found a burning altar of Makhleb.
  6843 | D:6      | Found a stormy altar of Qazlal.
  6843 | D:6      | Found a broken altar of Ashenzari.
  6887 | D:6      | Found an iron altar of Okawaru.
  7900 | D:6      | Reached XP level 9. HP: 45/46 MP: 19/19
  8060 | D:7      | Noticed a komodo dragon
  8069 | D:7      | Killed a komodo dragon
  8527 | D:7      | Reached * piety under Vehumet
  8527 | D:7      | Offered knowledge of Shock by Vehumet.
  9270 | D:7      | Learned a level 1 spell: Shock
  9395 | D:8      | Noticed Prince Ribbit
  9398 | D:8      | Reached XP level 10. HP: 39/51 MP: 22/22
  9468 | D:8      | Killed Prince Ribbit
  9907 | D:8      | Found Nuvuun's Jewellery Shop.
  9924 | D:8      | Reached ** piety under Vehumet
 10034 | D:8      | Offered knowledge of Freeze by Vehumet.
 10042 | D:8      | Reached skill level 1 in Fighting
 10293 | D:8      | Found a glowing silver altar of Zin.
 10297 | D:8      | Noticed Psyche
 10302 | D:8      | Killed Psyche
 10469 | D:9      | Noticed a catoblepas
 10469 | D:9      | Noticed a six-headed hydra
 10469 | D:9      | Noticed a death knight
 10469 | D:9      | Noticed a centaur warrior
 10470 | D:9      | Noticed a four-headed hydra
 10496 | D:9      | Noticed a centaur warrior
 10605 | D:8      | Killed a four-headed hydra
 11176 | D:9      | Found a staircase to the Lair.
 11179 | D:9      | Found a runed translucent door.
 11179 | D:9      | Noticed Athor's ghost (journeyman VSFi)
 11202 | D:9      | Shot with an arrow by a centaur warrior

Illustrated notes

Levels and vault maps discovered:
D:1:      dpeg_arrival_shrine, layout_loops_cross, minivault_14,
          serial_bayou_pond_c, kennysheep_minor_cross, minmay_misc_feat_columns,
          minmay_misc_feat_iff, moated_statue, nrook_mini_backslash
D:2:      layout_loops_ring, basic_altar, minmay_misc_feat_tower
D:3:      layout_rooms, nicolae_uskayaw_en_pointe,
          pdpol_wu_jian_five_deadly_venoms, ebering_ghost_sewer_f,
          dreamdust_ecumenical_altar_angels_and_demons, minmay_close_crescents,
          uniq_jessica, uniq_crazy_yiuf_cottage
D:4:      layout_layer_cave, st_stairs_4
D:5:      layout_basic, minmay_temple_entry_from_below_a,
          minmay_strange_pillars, kennysheep_generic_room_16
D:6:      cheibrodos_two_vegetables, layout_basic, grunt_temple_overflow_open
D:7:      layout_rooms
D:8:      layout_rooms, mainiacjoe_overflow_surrounded_room, serial_shops,
          nicolae_shop_waterfront, uniq_prince_ribbit1, uniq_psyche
D:9:      layout_roguey, mainiacjoe_overflow_alcove_4, lair_entry_dummy,
          gammafunk_ghost_grave, minivault_28
Temple:   kb_corrupted_temple

Skill      XL: |  1  2  3  4  5  6  7  8  9 10 |
---------------+-------------------------------+-----
Spellcasting   | 3 4 5 6 8 9 |  9.5
Fire Magic     | 4 5 6 7 8 9 |  9.4
Conjurations   | 2 3 4 5 7 8 |  8.4
Dodging        | 2 |  2.8
Fighting       | 1 |  1.1
Maces & Flails | |  0.2
Stealth        | |  2.1

Action                   |  1- 3 |  4- 6 |  7- 9 | 10-12 || total
-------------------------+-------+-------+-------+-------++-------
Melee: Unarmed           |     2 |       |       |       ||     2
       Whip              |     7 |     9 |    11 |       ||    27
       Club              |     3 |       |       |       ||     3
       Mace              |       |       |     2 |     8 ||    10
 Cast: Foxfire           |    75 |    92 |   262 |    61 ||   490
       Scorch            |     4 |     7 |    27 |     4 ||    42
       Sticky Flame      |       |       |     3 |    12 ||    15
       Conjure Flame     |       |       |     1 |     1 ||     2
       Flame Wave        |       |       |     6 |     5 ||    11
  Use: Scroll            |       |     8 |     9 |     5 ||    22
Armor: Robe              |     5 |     3 |    32 |    29 ||    69
       Acid dragon scale |       |       |       |    14 ||    14
Dodge: Dodged            |    22 |     7 |    88 |    66 ||   183

Table legend: (Time is in decaauts)
 A = Elapsed time spent in this place.
 B = Non-inter-level travel time spent in this place.
 C = Inter-level travel time spent in this place.
 D = Time resting spent in this place.
 E = Time spent auto-exploring this place.
 F = Levels seen in this place.
 G = Mean time per level.
                   A        B        C        D        E       F      G
               +--------+--------+--------+--------+--------+-----+--------+
         Total |  11233 |  10920 |    313 |   1400 |   7674 |  10 | 1123.3 |
       Dungeon |  11116 |  10822 |    294 |   1400 |   7596 |   9 | 1235.1 |
        Temple |    117 |     98 |     19 |      0 |     78 |   1 |  117.0 |
               +--------+--------+--------+--------+--------+-----+--------+

Top non-repeatable levels by time:
     D:6: 1674 daAuts
     D:7: 1639 daAuts
     D:4: 1466 daAuts
     D:1: 1429 daAuts
     D:2: 1333 daAuts
     D:8: 1256 daAuts
     D:5: 1128 daAuts
     D:3: 934 daAuts
     D:9: 255 daAuts
  Temple: 117 daAuts
